 Dungeon Crawl Stone Soup version 0.27-a0-1202-ge72e49191c (webtiles) character file.

Game seed: 5479077391230840663

6289 pokeman the Thaumaturge (level 10, -7/56 HPs)
             Began as a Deep Elf Hedge Wizard on June 4, 2021.
             Was an Initiate of Vehumet.
             Killed from afar by a steam dragon (19 damage)
             ... with a ball of steam
             ... on level 9 of the Dungeon.
             The game lasted 00:37:15 (13329 turns).

pokeman the Thaumaturge (Deep Elf Hedge Wizard)    Turns: 13329, Time: 00:37:16

Health: -7/56      AC:  4    Str:  7    XL:     10   Next: 63%
Magic:  12/29      EV: 16    Int: 23    God:    Vehumet [......]
Gold:   694        SH:  5    Dex: 14    Spells: 21/35 levels left

rFire    . . .     SeeInvis .   w - +1 spear (vorpal)
rCold    . . .     Faith    .   (no shield)
rNeg     . . .     Spirit   .   h - +0 leather armour of Activism {Stlth+}
rPois    +         Reflect  +   c - +0 hat
rElec    .         Harm     .   (no cloak)
rCorr    .         Rampage  .   F - +0 pair of gloves
Will     +....                  (no boots)
Stlth    +++.......             x - amulet of reflection
HPRegen  0.18/turn              a - +4 ring of evasion
MPRegen  0.21/turn              u - ring of poison resistance

@: no status effects
A: no striking features
a: Renounce Religion


You were on level 9 of the Dungeon.
You worshipped Vehumet.
Vehumet was noncommittal.
You visited 2 branches of the dungeon, and saw 10 of its levels.
You also visited: Ossuary.

You collected 815 gold pieces.
You spent 121 gold pieces at shops.

Inventory:

Hand Weapons
 b - a +1 dagger of chaos
 w - a +1 vorpal spear (weapon)
 G - a +0 shortbow
Missiles
 d - 5 throwing nets
 f - 134 arrows
 g - 90 bolts
 j - 8 curare-tipped darts
Armour
 c - a +0 hat (worn)
 h - the +0 leather armour of Activism (worn) {Stlth+}
   (You found it on level 9 of the Dungeon)

   It makes you more stealthy.
 F - a +0 pair of gloves (worn)
Magical Staves
 N - a staff of death
 O - a staff of cold
Jewellery
 a - a +4 ring of evasion (left hand)
 u - a ring of poison resistance (right hand)
 x - an amulet of reflection (around neck)
 I - a +6 ring of strength
Wands
 r - a wand of flame (39)
 E - a wand of charming (10)
Scrolls
 e - 7 scrolls of teleportation
 k - 3 scrolls of blinking
 l - 5 scrolls of enchant weapon
 o - 2 scrolls of amnesia
 q - 2 scrolls of immolation
 v - 4 scrolls of magic mapping
 y - a scroll of enchant armour {unknown}
 A - 2 scrolls of fear {unknown}
 J - a scroll of vulnerability {unknown}
 L - a scroll of torment {unknown}
 M - a scroll of summoning {unknown}
Potions
 i - 2 potions of might
 m - a potion of ambrosia
 n - 4 potions of haste
 p - a potion of resistance {unknown}
 s - a potion of magic
 z - a potion of flight
 B - 4 potions of lignification
 C - 4 potions of heal wounds
 D - 2 potions of curing
 H - 2 potions of mutation {unknown}
 K - a potion of attraction {unknown}


   Skills:
 - Level 4.1 Fighting
 + Level 3.7 Armour
 - Level 3.0 Dodging
 - Level 3.1 Stealth
 * Level 13.4 Spellcasting
 + Level 8.0 Conjurations
 - Level 1.1 Summonings
 - Level 1.1 Translocations
 + Level 7.2 Fire Magic
 - Level 1.1 Air Magic
 - Level 1.0 Poison Magic
 - Level 1.1 Evocations


You had 21 spell levels left.
You knew the following spells:

 Your Spells              Type           Power      Damage    Failure   Level
a - Magic Dart            Conj           100%       1d8       1%          1
b - Mephitic Cloud        Conj/Pois/Air  31%        N/A       4%          3
c - Call Imp              Summ           20%        N/A       5%          2
d - Blink                 Tloc           N/A        N/A       5%          2
e - Conjure Flame         Conj/Fire      50%        6-21      1%          3
f - Call Canine Familiar  Summ           20%        N/A       11%         3

Your spell library contained the following spells:

 Spells                   Type           Power      Damage    Failure   Level
 Searing Ray              Conj           100%       3d7       1%          2
 Summon Small Mammal      Summ           80%        N/A       3%          1
 Dazzling Flash           Conj/Hex       66%        N/A       3%          3
 Slow                     Hex            15%        N/A       9%          2
 Iskenderun's Mystic Bla  Conj/Tloc      36%        2d9       9%          4
 Fulminant Prism          Conj/Hex       16%        3d11      11%         4
 Summon Guardian Golem    Hex/Summ       18%        N/A       14%         3
 Summon Lightning Spire   Summ/Air       20%        N/A       36%         4
 Summon Ice Beast         Ice/Summ       18%        N/A       41%         4


Dungeon Overview and Level Annotations

Branches:
Dungeon (9/15)             Temple (1/1) D:7            Lair (0/6) D:8
Ossuary (visited)
    Orc: D:9-12

Altars:
Cheibriados
Elyvilon
Fedhas
Gozag
Hepliaklqana
Okawaru
Qazlal
Sif Muna
Trog
Vehumet
Wu Jian
Xom

Shops:
D:5 !!*(


Message History

The fire ignites!
The two-headed ogre is engulfed in blazing flames.
Casting: Conjure Flame (safe; 1% risk of failure)
Confirm with . or Enter, or press ? or * to list all spells.
Aiming: Mephitic Cloud (dangerous; 4% risk of failure)
Press: ? - help, Shift-Dir - straight line, f/p - two-headed ogre
Aim: a two-headed ogre, wielding two +0 giant clubs (severely wounded, chance to affect: 53%)
The ball explodes into a vile cloud!
The stinking cloud engulfs the two-headed ogre but does no damage.
The two-headed ogre is severely wounded.
You hear a howl!
You hear a shout!
You hear an angry buzzing noise.
The two-headed ogre is engulfed in noxious fumes.
Unknown command.
You hit the two-headed ogre but do no damage.
The two-headed ogre is severely wounded.
The two-headed ogre is engulfed in blazing flames.
The two-headed ogre completely misses you.
The two-headed ogre hits you with a +0 giant club!!
* * * LOW HITPOINT WARNING * * *
Unknown command.
Unknown command.
You hit the two-headed ogre but do no damage.
The two-headed ogre is almost dead.
The two-headed ogre is engulfed in blazing flames.
You kill the two-headed ogre!
Vehumet accepts your kill.
Your Conjurations skill increases to level 8!
Unknown command.
You start resting.
The steam dragon is engulfed in blazing flames.
The steam dragon is engulfed in noxious fumes.
Reach: w) +1 spear (vorpal)
Press: ? - help, Dir - move target, f - steam dragon
Aim: a steam dragon (flame, moderately wounded, about 36% to evade your +1 vorpal spear)
You hit the steam dragon.
The steam dragon is moderately wounded.
The steam dragon is engulfed in blazing flames.
The steam dragon breathes steam at you. The ball of steam hits you!!
You die...

#.##.# #..#
#.##...#.#
##...###..####
#.######...
#...........#
##.# .....
#.#####..##.#
#..# ......
##.#####..##.#
#.## .....#
>#........##.#
#.# ..#.##
##.#####.....#
#.# ##.#
#####.# #.#
#.# #.# #@#
#.# #D# # #.#
#.####...#
########.#
#.).D..#
.......<.#
######...#
...#####.# #
#.# #.# #.#


You could see a steam dragon (catching breath).

Vanquished Creatures
  3 two-headed ogres
  A shadow (D:5)
  A wraith (Ossuary)
  A wyvern (D:8)
  3 water moccasins (D:7)
  2 orc warriors
  2 sky beasts
  4 ice beasts
  2 ogres
  A necrophage (D:6)
  2 centaurs
  3 phantoms
  A kobold brigand (D:8)
  A nameless horror (D:5)
  5 bullfrogs
  2 scorpions
  A water moccasin zombie (D:3)
  A water moccasin skeleton (D:4)
  A wyvern skeleton (D:6)
  5 killer bees
  9 wights
  An electric eel (D:8)
  3 crimson imps (D:3)
  2 bullfrog zombies
  3 hounds
  2 orc priests
  2 jellies
  A gnoll shaman (D:7)
  2 centaur skeletons
  Terence (D:3)
  2 iguanas
  2 orc wizards
  A scorpion zombie (D:5)
  2 killer bee zombies
  A howler monkey zombie (D:8)
  A mummy (Ossuary)
  7 adders
  18 gnolls
  2 howler monkey skeletons
  2 shadow imps
  A white imp (D:5)
  A worm (D:4)
  3 dart slugs
  20 orcs
  2 ball pythons (D:3)
  7 endoplasms
  7 giant cockroaches
  8 goblins
  3 hobgoblins
  5 jackals (D:4)
  13 kobolds
  6 quokkas
  A bat (D:1)
  8 frilled lizards
  6 gnoll skeletons (Ossuary)
  2 kobold skeletons (Ossuary)
  17 orc skeletons (Ossuary)
  11 rats
227 creatures vanquished.

Vanquished Creatures (collateral kills)
  2 killer bees (D:8)
  A wight (D:3)
  A centaur skeleton (D:4)
  An iguana (D:4)
  A gnoll (D:2)
  A dart slug (D:4)
  An orc (D:5)
  An endoplasm (D:4)
9 creatures vanquished.

Vanquished Creatures (others)
  An electric eel (D:8)
  2 fungi (D:8)
  7 plants (D:4)
10 creatures vanquished.

Grand Total: 246 creatures vanquished

Notes
Turn   | Place    | Note
-------+----------+-------------------------------------------
     0 | D:1      | pokeman the Deep Elf Hedge Wizard began the quest for the
                  | Orb.
     0 | D:1      | Reached XP level 1. HP: 10/10 MP: 7/7
   293 | D:1      | Reached XP level 2. HP: 15/16 MP: 1/9
   890 | D:1      | Reached skill level 5 in Spellcasting
  1108 | D:1      | Found a faded altar of an unknown god.
  1506 | D:2      | Reached XP level 3. HP: 17/20 MP: 7/11
  1510 | D:2      | Learned a level 3 spell: Mephitic Cloud
  1513 | D:2      | Learned a level 2 spell: Call Imp
  1516 | D:2      | Learned a level 2 spell: Blink
  1520 | D:2      | Learned a level 3 spell: Call Canine Familiar
  1773 | D:2      | Reached skill level 1 in Fighting
  1791 | D:2      | Reached skill level 1 in Armour
  2234 | D:2      | Reached XP level 4. HP: 25/25 MP: 11/13
  2722 | D:3      | Noticed Terence
  2944 | D:3      | Learned a level 3 spell: Conjure Flame
  3186 | D:3      | Reached skill level 6 in Spellcasting
  3267 | D:3      | Reached XP level 5. HP: 29/29 MP: 11/15
  3278 | D:3      | Killed Terence
  3279 | D:3      | Reached skill level 1 in Air Magic
  3507 | D:3      | Reached skill level 1 in Poison Magic
  3512 | D:3      | Reached XP level 6. HP: 22/34 MP: 3/17
  3732 | D:3      | Reached skill level 7 in Spellcasting
  3732 | D:3      | Reached skill level 1 in Fire Magic
  3904 | D:3      | Found a shimmering altar of Xom.
  4433 | D:4      | Reached XP level 7. HP: 39/39 MP: 12/20
  4519 | D:4      | Found a bloodstained altar of Trog.
  4764 | D:4      | Reached skill level 8 in Spellcasting
  5861 | D:4      | Reached skill level 1 in Evocations
  6120 | D:5      | Entered Level 5 of the Dungeon
  6126 | D:5      | Reached XP level 8. HP: 44/44 MP: 18/22
  6144 | D:5      | Reached skill level 9 in Spellcasting
  6151 | D:5      | Found Medif Lyemo's Distillery.
  6160 | D:5      | Found Xonip's General Store.
  6307 | D:5      | Found a sand-covered staircase.
  6312 | Ossuary  | Entered an ossuary
  6648 | Ossuary  | Reached skill level 5 in Conjurations
  7487 | D:5      | Reached skill level 10 in Spellcasting
  7659 | D:5      | Bought a potion of curing for 33 gold pieces
  7659 | D:5      | Bought a potion of lignification for 33 gold pieces
  7659 | D:5      | Bought a potion of heal wounds for 55 gold pieces
  7700 | D:5      | Found Opsakly's Weapon Shoppe.
  8259 | D:5      | Reached XP level 9. HP: 34/49 MP: 10/25
  8358 | D:5      | Found Wefaclikk's Distillery.
  8627 | D:6      | Reached skill level 5 in Fire Magic
  8874 | D:6      | Reached skill level 11 in Spellcasting
  9834 | D:7      | Found a staircase to the Ecumenical Temple.
  9841 | Temple   | Entered the Ecumenical Temple
  9991 | Temple   | Became a worshipper of Vehumet
 10292 | D:7      | Reached skill level 12 in Spellcasting
 10746 | D:7      | Found a shimmering blue altar of Sif Muna.
 11379 | D:8      | Reached XP level 10. HP: 42/56 MP: 9/28
 11692 | D:8      | Noticed a two-headed ogre
 11706 | D:8      | Killed a two-headed ogre
 12285 | D:8      | Found a staircase to the Lair.
 13112 | D:9      | Found a stormy altar of Qazlal.
 13189 | D:9      | Identified the +0 leather armour of Activism {Stlth+}
 13301 | D:9      | Noticed a two-headed ogre
 13311 | D:9      | Killed a two-headed ogre
 13312 | D:9      | Reached skill level 13 in Spellcasting
 13314 | D:9      | Noticed a two-headed ogre
 13324 | D:9      | Killed a two-headed ogre
 13329 | D:9      | Killed from afar by a steam dragon

Illustrated notes

Levels and vault maps discovered:
D:1:      lemuel_arrival_broad_hall, layout_loops_ring,
          shapermc_ecumenical_altar_mp_vishouse, minmay_pentomino_o2
D:2:      minmay_chambers_of_twos, layout_loops_ring, minmay_misc_feat_tiny
D:3:      layout_basic, led_xom_imps, uniq_terence
D:4:      minmay_razor_zed, layout_cave_pools, trog_butcher_becter,
          serial_bayou_ford_a, minmay_misc_feat_ornament,
          kennysheep_generic_room_7
D:5:      layout_loops_cross, lightli_ossuary_entry_decrepit_ruins,
          serial_shops, shop_coins, shop, nicolae_shop_stone, nicolae_shop_trees
D:6:      layout_rooms
D:7:      layout_basic, kennysheep_little_box, minmay_temple_entry_mini_moons,
          minmay_stone_trees_small
D:8:      layout_basic, lair_entry_dummy, water_boxes_lemuel
D:9:      layout_loops_ring, nicolae_overflow_hidden_temple, tso_altar,
          onia_ninara_cookie
Temple:   minmay_temple_curvy_branch

Skill      XL: |  1  2  3  4  5  6  7  8  9 10 |
---------------+-------------------------------+-----
Spellcasting   | 5 6 7 8 10 12 13 | 13.4
Fighting       | 1 2 3 4 |  4.1
Armour         | 1 3 |  3.7
Conjurations   | 2 3 4 5 7 8 |  8.0
Dodging        | 3 |  3.0
Air Magic      | 1 |  1.1
Stealth        | 3 |  3.1
Poison Magic   | 1 |  1.0
Fire Magic     | 2 3 4 6 7 |  7.2
Evocations     | 1 |  1.1
Summonings     | |  1.1
Translocations | |  1.1

Action                   |  1- 3 |  4- 6 |  7- 9 | 10-12 || total
-------------------------+-------+-------+-------+-------++-------
Melee: Dagger            |     2 |       |       |       ||     2
       Halberd           |       |    42 |    19 |       ||    61
       Spear             |       |       |   109 |    27 ||   136
 Fire: Shortbow          |       |       |    22 |       ||    22
 Cast: Magic Dart        |    91 |   123 |   399 |    60 ||   673
       Call Imp          |     2 |    10 |    11 |     4 ||    27
       Call Canine Famil |     2 |     1 |     2 |       ||     5
       Conjure Flame     |       |     6 |    31 |    10 ||    47
       Mephitic Cloud    |       |     2 |    21 |    12 ||    35
       Blink             |       |     2 |     3 |     1 ||     6
  Use: Scroll            |       |       |       |    12 ||    12
       Potion            |       |       |       |     1 ||     1
 Stab: Sleeping          |     2 |       |     2 |       ||     4
       Confused          |       |     2 |    12 |     3 ||    17
Armor: Robe              |     4 |     2 |       |       ||     6
       Leather armour    |       |     4 |    16 |       ||    20
Dodge: Dodged            |    15 |    55 |   120 |    17 ||   207
Block: Other             |       |       |     9 |     3 ||    12
       Reflection        |       |       |       |     1 ||     1

Table legend: (Time is in decaauts)
 A = Elapsed time spent in this place.
 B = Non-inter-level travel time spent in this place.
 C = Inter-level travel time spent in this place.
 D = Time resting spent in this place.
 E = Time spent auto-exploring this place.
 F = Levels seen in this place.
 G = Mean time per level.
                   A        B        C        D        E       F      G
               +--------+--------+--------+--------+--------+-----+--------+
         Total |  13391 |  12864 |    527 |    442 |  10178 |  11 | 1217.4 |
       Dungeon |  12334 |  11828 |    506 |    349 |   9486 |   9 | 1370.4 |
        Temple |    172 |    151 |     21 |      0 |    145 |   1 |  172.0 |
       Ossuary |    884 |    884 |      0 |     93 |    547 |   1 |  884.0 |
               +--------+--------+--------+--------+--------+-----+--------+

Top non-repeatable levels by time:
     D:8: 1815 daAuts
     D:3: 1724 daAuts
     D:4: 1711 daAuts
     D:7: 1625 daAuts
     D:5: 1444 daAuts
     D:2: 1441 daAuts
     D:1: 1280 daAuts
     D:6: 1055 daAuts
 Ossuary: 884 daAuts
     D:9: 235 daAuts
  Temple: 172 daAuts
